 Dungeon Crawl Stone Soup version 0.29-a0-520-gc852659d43 (webtiles) character file.

Game seed: 1608010145162295426

6238 RepHenryClay the Severer (level 10, -3/77 HPs)
             Began as a Hill Orc Fighter on May 31, 2022.
             Slain by a centaur warrior
             ... wielding the +5 scimitar "Viatut" {antimagic, rN+ Will+ Dex-5}
              (13 damage)
             ... on level 8 of the Dungeon.
             The game lasted 00:13:19 (11423 turns).

RepHenryClay the Severer (Hill Orc Fighter)        Turns: 11423, Time: 00:13:20

Health: -3/77      AC: 17    Str: 24    XL:     10   Next: 93%
Magic:  0/10       EV:  8    Int:  8    God:
Gold:   1335       SH:  5    Dex: 10    Spells: 9/9 levels left

rFire   . . .      SeeInvis .   a - +2 battleaxe
rCold   + . .      Faith    .   (shield currently unavailable)
rNeg    . . .      Spirit   .   n - +0 chain mail
rPois   .          Reflect  +   h - +1 helmet
rElec   .          Harm     .   (no cloak)
rCorr   .          Rampage  .   (no gloves)
Will    .....                   K - +2 pair of boots {Fly}
Stlth   ..........              G - amulet of reflection
HPRegen 0.22/turn               D - ring of protection from cold
MPRegen 0.12/turn               (no ring)

@: flying
A: no striking features
a: no special abilities


You were on level 8 of the Dungeon.
You visited 2 branches of the dungeon, and saw 9 of its levels.
You also visited: Sewer and Ossuary.

You collected 1335 gold pieces.

Inventory:

Hand Weapons
 a - a +2 battleaxe (weapon)
 k - a +2 flail of draining
 y - a +0 whip of electrocution
Missiles
 f - 30 poisoned darts
 j - 2 silver javelins
 B - 2 curare-tipped darts (quivered)
 H - a throwing net
Armour
 c - a +3 ring mail of fire resistance
 h - a +1 helmet (worn)
 n - a +0 chain mail (worn)
 K - a +2 pair of boots of flying (worn)
Jewellery
 D - a ring of protection from cold (left hand)
 F - a ring of ice
 G - an amulet of reflection (around neck)
Wands
 u - a wand of flame (24)
 A - a wand of charming (6)
Scrolls
 e - 7 scrolls of identify
 g - 2 scrolls of enchant armour
 r - 3 scrolls of magic mapping
 v - a scroll of immolation
 w - a scroll of enchant weapon
 x - 3 scrolls of teleportation
 I - a scroll of amnesia
 J - a scroll of vulnerability {unknown}
Potions
 b - 4 potions of haste
 d - 5 potions of might
 i - 6 potions of curing
 m - 2 potions of heal wounds
 o - 2 potions of berserk rage {unknown}
 p - 3 potions of attraction {unknown}
 q - 4 potions of lignification {unknown}
 s - 3 potions of mutation {unknown}
 t - a potion of cancellation {unknown}
 z - a potion of degeneration {unknown}
 C - 2 potions of brilliance {unknown}
 E - a potion of resistance {unknown}


   Skills:
 - Level 3.6 Fighting
 + Level 17.6 Axes
 - Level 9.8 Armour
 - Level 3.2 Shields


You had 9 spell levels left.
You didn't know any spells.
Your spell library contained the following spells:

 Spells                   Type           Power      Damage    Failure   Level
 Beastly Appendage        Tmut           0%         N/A       93%         1
 Slow                     Hex            0%         N/A       93%         1
 Wereblood                Tmut           0%         N/A       98%         2
 Confusing Touch          Hex            0%         N/A       100%        3
 Gell's Gravitas          Tloc           0%         N/A       100%        3
 Lesser Beckoning         Tloc           0%         N/A       100%        3
 Ozocubu's Armour         Ice            0%         N/A       100%        3
 Spider Form              Tmut/Pois      0%         N/A       100%        3
 Teleport Other           Tloc           0%         N/A       100%        3
 Vampiric Draining        Necr           0%         2d6       100%        3
 Summon Ice Beast         Ice/Summ       0%         N/A       100%        4
 Summon Mana Viper        Hex/Summ       0%         N/A       100%        5
 Monstrous Menagerie      Summ           0%         N/A       100%        7
 Ozocubu's Refrigeration  Ice            0%         4d5       100%        7


Dungeon Overview and Level Annotations

Branches:
Dungeon (8/15)             Temple (1/1) D:6           Sewer (visited)
Ossuary (visited)
   Lair: D:8-11

Altars:
Ashenzari
Cheibriados
Dithmenos
Elyvilon
Fedhas
Gozag
Hepliaklqana
Kikubaaqudgha
Makhleb
Nemelex Xobeh
Qazlal
Ru
Sif Muna
Trog
Uskayaw
Vehumet
Wu Jian
Xom
Yredelemnul
Zin
The Shining One

Annotations:
D:6 1 runed translucent door, quokkamancerX's ghost, novice HuHu


Message History

There is a stone staircase leading down here.
There is an escape hatch in the floor here.
There is a stone staircase leading down here.
You start resting.
HP restored.
You fly downwards.
There is a stone staircase leading up here.
A centaur warrior comes into view.
It is wielding the +5 scimitar "Viatut" {antimagic, rN+ Will+ Dex-5} and quivering poisoned darts.
The centaur warrior shouts!
The centaur warrior unwields the +5 scimitar "Viatut" {antimagic, rN+ Will+ Dex-5}.
The centaur warrior wields a +0 shortbow.
The centaur warrior shoots an arrow.
The arrow hits you!
Damage: -15%(-12hp) hp: 85%(65hp) Unknown command.
There is a stone staircase leading up here.
You start resting.
The centaur warrior shoots an arrow.
The arrow barely misses you.
The centaur warrior unwields a +0 shortbow.
The centaur warrior wields the +5 scimitar "Viatut" {antimagic, rN+ Will+ Dex-5}.
The centaur warrior barely misses you.
The centaur warrior completely misses you.
You slash the centaur warrior!
The centaur warrior is lightly wounded.
The centaur warrior hits you with the +5 scimitar "Viatut" {antimagic, rN+ Will+ Dex-5}!!
You feel your power leaking away.
The centaur warrior kicks you but does no damage.
Huge Dmg: -28%(-22hp) hp: 58%(44hp)
You are too injured to fight recklessly!
You closely miss the centaur warrior.
The centaur warrior is lightly wounded.
The centaur warrior hits you with the +5 scimitar "Viatut" {antimagic, rN+ Will+ Dex-5}!
The centaur warrior barely misses you.
Huge Dmg: -16%(-12hp) hp: 42%(32hp)
You slice the centaur warrior!!
The centaur warrior is almost dead.
The centaur warrior hits you with the +5 scimitar "Viatut" {antimagic, rN+ Will+ Dex-5}!!
* * * LOW HITPOINT WARNING * * *
The centaur warrior kicks you but does no damage.
The centaur warrior hits you with the +5 scimitar "Viatut" {antimagic, rN+ Will+ Dex-5}!
You die...

#. ## ... ##.#
... #...## ..#
#...<##...#..
##...@c......
.........######.
#..##....# ..
.......
...........
....###'###.
...# ... #. ..#
#.# #. .......


You could see a centaur warrior.

Vanquished Creatures
  A two-headed ogre (D:8)
  A cyclops (D:8)
  A kobold demonologist (D:6)
  A troll (D:7)
  3 slime creatures (D:7)
  2 wyverns (D:8)
  A vampire mosquito (D:8)
  An ice beast (D:7)
  2 orc warriors
  A black bear (D:3)
  An ogre (D:4)
  A centaur (D:8)
  2 phantoms
  6 elf zombies (Ossuary)
  6 bullfrogs
  A kobold brigand (D:6)
  A scorpion (D:4)
  9 wights
  2 killer bees
  5 howler monkeys
  2 centaur zombies (Ossuary)
  A jelly (D:4)
  3 gnoll shamans
  5 hounds
  4 human zombies (Ossuary)
  4 orc priests
  4 iguanas
  11 orc wizards
  A hell rat (Sewer)
  3 mummies (Ossuary)
  18 gnolls
  12 adders
  A river rat (D:3)
  2 white imps (D:7)
  An ufetubus (D:3)
  2 dart slugs
  40 orcs
  4 bats
  2 endoplasms
  4 giant cockroaches
  10 hobgoblins
  12 jackals
  2 quokkas
  5 ball pythons
  3 frilled lizards
  14 kobolds
  8 rats
226 creatures vanquished.

Vanquished Creatures (others)
  A yak (D:8)
  A sky beast (D:7)
  A kobold brigand (D:7)
  2 killer bees (D:7)
  An orc (D:8)
6 creatures vanquished.

Grand Total: 232 creatures vanquished

Notes
Turn   | Place    | Note
-------+----------+-------------------------------------------
     0 | D:1      | RepHenryClay the Hill Orc Fighter began the quest for the
                  | Orb.
     0 | D:1      | Reached XP level 1. HP: 19/19 MP: 1/1
   189 | D:1      | Reached skill level 3 in Axes
   247 | D:1      | Reached XP level 2. HP: 26/26 MP: 2/2
   694 | D:2      | Reached XP level 3. HP: 23/31 MP: 3/3
   874 | D:2      | Reached skill level 4 in Axes
  1535 | D:2      | Reached XP level 4. HP: 37/39 MP: 4/4
  2154 | D:3      | Found a glowing drain.
  2164 | D:3      | Reached skill level 5 in Axes
  2172 | Sewer    | Entered a sewer
  2204 | Sewer    | Reached skill level 5 in Armour
  2204 | Sewer    | Reached XP level 5. HP: 31/45 MP: 5/5
  2441 | D:3      | Noticed a moth of wrath
  2443 | D:3      | Found a bloodstained altar of Trog.
  2533 | D:3      | Noticed a black bear
  2542 | D:3      | Killed a black bear
  2543 | D:3      | Reached skill level 6 in Axes
  2543 | D:3      | Reached XP level 6. HP: 39/51 MP: 6/6
  2708 | D:3      | Found a broken altar of Ashenzari.
  3662 | D:4      | Found a sand-covered staircase.
  3670 | Ossuary  | Entered an ossuary
  3737 | Ossuary  | Reached skill level 7 in Axes
  3737 | Ossuary  | Reached XP level 7. HP: 37/57 MP: 7/7
  3925 | Ossuary  | Reached skill level 8 in Axes
  4156 | Ossuary  | Reached XP level 8. HP: 36/64 MP: 8/8
  4537 | D:4      | Reached skill level 9 in Axes
  5309 | D:4      | Identified the +1 leather armour of Imomue Asho {Regen+}
  5369 | D:4      | Found a glowing silver altar of Zin.
  5474 | D:5      | Entered Level 5 of the Dungeon
  5902 | D:5      | Reached skill level 10 in Axes
  6458 | D:5      | Reached XP level 9. HP: 51/70 MP: 9/9
  6874 | D:6      | Found an opulent altar of Gozag.
  7286 | D:6      | Found a staircase to the Ecumenical Temple.
  7294 | Temple   | Entered the Ecumenical Temple
  7713 | D:6      | Noticed a kobold demonologist
  7714 | D:6      | Noticed a red devil
  7724 | D:6      | Noticed an ice devil
  7991 | D:6      | Killed a kobold demonologist
  7992 | D:6      | Reached skill level 11 in Axes
  8033 | D:6      | Found a snail-covered altar of Cheibriados.
  8338 | D:6      | Found a runed translucent door.
  8339 | D:6      | Found a shimmering altar of Xom.
  8339 | D:6      | Noticed a +0 dagger of chaos
  8339 | D:6      | Noticed quokkamancerX's ghost (novice HuHu)
  8460 | D:6      | Reached skill level 12 in Axes
  9150 | D:7      | Reached skill level 13 in Axes
  9641 | D:7      | Noticed a troll
  9647 | D:7      | Killed a troll
  9648 | D:7      | Reached skill level 14 in Axes
  9693 | D:7      | Reached XP level 10. HP: 67/77 MP: 10/10
  9840 | D:7      | Identified a scroll of acquirement
  9840 | D:7      | Acquired 781 gold pieces
 10279 | D:7      | Reached skill level 15 in Axes
 11047 | D:8      | Reached skill level 16 in Axes
 11077 | D:8      | Noticed a two-headed ogre
 11086 | D:8      | Killed a two-headed ogre
 11142 | D:8      | Noticed a two-headed ogre
 11142 | D:8      | Noticed a cyclops
 11150 | D:8      | Killed a cyclops
 11151 | D:8      | Reached skill level 17 in Axes
 11167 | D:8      | Found an ancient bone altar of Kikubaaqudgha.
 11183 | D:8      | Found a blossoming altar of Fedhas.
 11414 | D:8      | Identified the +5 scimitar "Viatut" {antimagic, rN+ Will+
                  | Dex-5}
 11414 | D:8      | Noticed a centaur warrior
 11423 | D:8      | Slain by a centaur warrior

Illustrated notes

Levels and vault maps discovered:
D:1:      kennysheep_arrival_forest, layout_loops_cross
D:2:      layout_basic
D:3:      layout_basic, nicolae_ashenzari_panopticon, tgw_trog,
          portal_sewer_entry_a, chequers_serial_rivers_small_b,
          hangedman_decor_peaks_small, grunt_decor_fettered
D:4:      layout_cave_pods, zin_statuary, nicolae_ossuary_entry_plus,
          nicolae_figureground_pulse
D:5:      layout_basic
D:6:      layout_loops_corners, grunt_gozag_statues, general_overflow_altar,
          minmay_temple_entry_fiery, ebering_ghost_xom
D:7:      layout_basic, grunt_potential
D:8:      minmay_the_grid_octo_tiled_octocenter [minmay_the_grid_octo_shrine,
          minmay_the_grid_octo_checkerflower, minmay_the_grid_octo_horde,
          minmay_the_grid_octo_vomiting_pacman,
          minmay_the_grid_octo_prize_big_c,
          minmay_the_grid_square_5x5_six_small,
          minmay_the_grid_square_5x5_checkered,
          minmay_the_grid_square_5x5_n_small,
          minmay_the_grid_square_5x5_three_small], layout_cave_pools,
          xom_confusion_cloud, fedhas_altar_1, mainiacjoe_overflow_alcove_1,
          nicolae_concentric_dashed_squares_mild, kennysheep_generic_room_6
Temple:   oiseaux_autumnal_temple

Skill      XL: |  1  2  3  4  5  6  7  8  9 10 |
---------------+-------------------------------+-----
Axes           | 3 4 5 6 7 8 10 14 17 | 17.6
Armour         | 4 5 6 7 9 |  9.8
Fighting       | |  3.6
Shields        | |  3.2

Action                   |  1- 3 |  4- 6 |  7- 9 | 10-12 || total
-------------------------+-------+-------+-------+-------++-------
Melee: War axe           |    67 |   187 |   296 |       ||   550
       Battleaxe         |       |       |   169 |   141 ||   310
Throw: Dart              |       |       |     3 |     4 ||     7
Evoke: Wand              |       |       |       |     8 ||     8
  Use: Potion            |       |       |     2 |     3 ||     5
       Scroll            |       |       |    10 |     2 ||    12
Armor: Scale mail        |    25 |       |       |       ||    25
       Chain mail        |       |   138 |   201 |    91 ||   430
Dodge: Dodged            |    48 |    74 |   105 |    55 ||   282
Block: Buckler           |    19 |    49 |    56 |       ||   124
       Other             |       |       |    41 |    36 ||    77
       Reflection        |       |       |       |     4 ||     4

Table legend: (Time is in decaauts)
 A = Elapsed time spent in this place.
 B = Non-inter-level travel time spent in this place.
 C = Inter-level travel time spent in this place.
 D = Time resting spent in this place.
 E = Time spent auto-exploring this place.
 F = Levels seen in this place.
 G = Mean time per level.
                   A        B        C        D        E       F      G
               +--------+--------+--------+--------+--------+-----+--------+
         Total |  11557 |  11218 |    339 |   2782 |   6486 |  11 | 1050.6 |
       Dungeon |  10336 |  10028 |    308 |   2620 |   5745 |   8 | 1292.0 |
        Temple |    345 |    314 |     31 |      0 |    299 |   1 |  345.0 |
         Sewer |    173 |    173 |      0 |      0 |    140 |   1 |  173.0 |
       Ossuary |    701 |    701 |      0 |    162 |    301 |   1 |  701.0 |
               +--------+--------+--------+--------+--------+-----+--------+

Top non-repeatable levels by time:
     D:6: 2451 daAuts
     D:7: 1636 daAuts
     D:1: 1356 daAuts
     D:3: 1322 daAuts
     D:4: 1312 daAuts
     D:5: 1164 daAuts
     D:2: 843 daAuts
 Ossuary: 701 daAuts
  Temple: 345 daAuts
     D:8: 250 daAuts
   Sewer: 173 daAuts
